 Dungeon Crawl Stone Soup version 0.19-a0-1170-g18f0c96 (webtiles) character file.

54623 Geppetto the Basher (level 14, -9/82 HPs)
             Began as a Vine Stalker Fighter on Aug 13, 2016.
             Was the Champion of Ru.
             Mangled by a ghost moth (11 damage)
             ... on level 1 of the Spider Nest on Aug 17, 2016.
             The game lasted 01:31:31 (19351 turns).

Geppetto the Basher (Vine Stalker Fighter)         Turns: 19351, Time: 01:31:32

Health: -9/82      AC: 19    Str: 17 (18) XL:     14   Next: 73%
Magic:  0/15       EV:  6    Int: 13      God:    Ru [******]
Gold:   1861       SH: 14    Dex: 20      Spells: 0 memorised, 13 levels left

rFire  . . .     SeeInvis .     P - -1 eveningstar
rCold  + . .     Gourm    .     U - +3 scale mail of the Harp {rPois rC+ rN+}
rNeg   + . .     Faith    .     c - +0 shield
rPois  +         Spirit   +     Y - +0 hat
rElec  .         Dismiss  .     w - +1 cloak
rCorr  .         Reflect  +     i - +0 pair of gloves
MR     +....     Harm     .     H - +0 pair of boots
Stlth  ..........               A - +6 amulet of reflection
                                L - ring of the Good {AC+6 Int+5 Dex-2}
                                p - +4 ring of dexterity

@: no potions, very slightly contaminated, hasted, heavily drained, very quick
A: fangs 3, regeneration 3, screaming 1, weak 1, magic shield, antimagic bite,
no device heal 3, rot immunity, inability to drink while threatened, no stealth,
inability to train armour, no earth magic, no hexes magic, no summoning magic,
missing an eye
a: Draw Out Power, Power Leap, Apocalypse, Renounce Religion


You were on level 1 of the Spider Nest.
You worshipped Ru.
Ru was exalted by your worship.
You were hungry.

You visited 5 branches of the dungeon, and saw 20 of its levels.
You also visited: Volcano.

You collected 1861 gold pieces.

Inventory:

Hand Weapons
 P - a -1 eveningstar (weapon)
Armour
 b - a +2 scale mail of fire resistance
 c - a +0 shield (worn)
 i - a +0 pair of gloves (worn)
 w - a +1 cloak (worn)
 H - a +0 pair of boots (worn)
 S - the +4 ring mail "Baehepp" {rC- Regen+ Str+4 Int+4}
   (You found it on level 10 of the Dungeon)

   It affects your strength (+4).
   It affects your intelligence (+4).
   It makes you vulnerable to cold.
   It increases your rate of regeneration.
 U - the +3 scale mail of the Harp (worn) {rPois rC+ rN+}
   (You found it on level 3 of the Lair of Beasts)

   It protects you from cold.
   It protects you from poison.
   It protects you from negative energy.
 Y - a +0 hat (worn)
Jewellery
 g - an uncursed ring of fire
 l - an uncursed ring of resist corrosion
 p - a +4 ring of dexterity (left hand)
 A - a +6 amulet of reflection (around neck)
 B - a +1 ring of slaying
 D - an uncursed amulet of magic regeneration
 L - the ring of the Good (right hand) {AC+6 Int+5 Dex-2}
   (You found it on level 10 of the Dungeon)

   [ring of protection]

   It affects your AC (+6).
   It affects your intelligence (+5).
   It affects your dexterity (-2).
 X - an uncursed ring of protection from cold
Wands
 a - a wand of paralysis (14/24)
 h - a wand of disintegration (0/24)
 s - a wand of lightning (8/15)
 E - a wand of disintegration (17/24)
 I - a wand of hasting (7/9)
 M - a wand of iceblast (10/15)
 O - a wand of slowing (24/48)
 Q - a wand of lightning (3/15)
 R - a wand of hasting (0/9)
 Z - a wand of digging (6/24)
Scrolls
 n - 3 scrolls of immolation
 v - a scroll of recharging
 y - 7 scrolls of remove curse
 C - 4 scrolls of amnesia
 T - a scroll of magic mapping
 V - 3 scrolls of enchant armour
Potions
 d - 4 potions of might
 j - a potion of berserk rage
 m - 4 potions of cure mutation
 o - 6 potions of curing
 r - 3 potions of agility
 t - a potion of cancellation
 F - 3 potions of invisibility
 G - 3 potions of magic
 K - 4 potions of flight
 N - 3 potions of brilliance
Comestibles
 f - 8 bread rations
 k - 12 meat rations
 q - 24 beef jerkies
 u - 4 royal jellies
 x - 5 chunks of flesh
 z - 12 fruits
 W - 2 slices of pizza


   Skills:
 + Level 13.3(11.5) Fighting
   Level 11.8(10.1) Long Blades
 * Level 14.7(12.9) Maces & Flails
 - Level 2.6(1.3) Shields


You had 13 spell levels left.
You didn't know any spells.

Dungeon Overview and Level Annotations

Branches:
Dungeon (10/15)            Temple (1/1) D:7            Lair (6/6) D:9
  Swamp (0/4) Lair:2       Spider (1/4) Lair:3        Slime (0/5) Lair:5
    Orc (2/2) D:10            Elf (0/3) Orc:2

Altars:
Ashenzari
Cheibriados
Dithmenos
Elyvilon
Fedhas
Gozag
Hepliaklqana
Kikubaaqudgha
Makhleb
Nemelex Xobeh
Okawaru
Pakellas
Qazlal
Ru
Sif Muna
Trog
Uskayaw
Vehumet
Xom
Yredelemnul
Zin
The Shining One
Beogh

Shops:
D:5 (   D:8 %   Orc:2 [}(%

Annotations:
D:5 Pikel
Spider:1 Aizul


Innate Abilities, Weirdness & Mutations

You have razor-sharp teeth.
You regenerate.
You occasionally shout uncontrollably at your foes.
You are weak. (Str -2)
When hurt, damage is shared between your health and your magic reserves.
Your bite disrupts and absorbs the magic of your enemies.
Potions and wands cannot restore your health.
You are immune to rotting.
You cannot drink potions while threatened.
You cannot be stealthy.
You cannot train Armour skill.
You cannot study or cast Earth magic.
You cannot study or cast Hexes magic.
You cannot study or cast Summoning magic.
You are missing an eye, making it more difficult to aim.


Message History

The wolf spider hisses angrily.
A ghost moth comes into view.
Evoke which item? (* to show all) (? for menu, Esc to quit)
Zapping:
R - a wand of hasting (1/9)
Press: ? - help, Shift-Dir - straight line, f - you You feel yourself speed up.
This wand has 0 charges left.
You feel less exhausted. You block the jumping spider's attack.
The jumping spider barely misses you.
The ghost moth begins to attack, but is stunned by your will!
The worm is caught in a web!
A wolf spider comes into view.
The wolf spider hisses angrily.
You redirect the jumping spider's attack!
You block the jumping spider's attack.
The jumping spider bites you but does no damage.
The ghost moth stares at you. The ghost moth hits you.
* * * LOW HITPOINT WARNING * * *
The ghost moth hits you!
You die...

...#.##..(##^#†##
..#.....#.#...#..##
.s.. #..#......^##
#.!.#.....#..s.# ...
#..ss..#....# . #..
#...#..#.....#
...#..###s..##...§#(#
........y.w......§....
.......@.§s......§...#
.......#s.....#.§.#..
..
#..............s...##..
. #......#......#.#...#
.. ##.#
..s.......##......#).^
.#.#...#....s^
.#.#..#....
...s.†.#...## .#..... .
.§....#... . .. ...
##†.....#


You could see a ghost moth (invisible), 3 wolf spiders, 2 orb spiders, 2 jumping
spiders, 2 tarantellas and a worm (webbed).

Vanquished Creatures
  Kirke (Lair:5)
  The ghost of Nattefrost the Slicer, a journeyman HaFi of Okawaru (Orc:1)
  3 hydras
  The ghost of crawlian the Arsonist, a journeyman DEFE of Sif Muna (Volcano)
  Urug (Volcano)
  Sonja (Lair:2)
  The ghost of crawlian the Arsonist, a novice DEFE of Sif Muna (D:8)
  7 orc sorcerers (Orc:2)
  An orb spider (Spider:1)
  A griffon (Lair:5)
  An orc knight (Orc:2)
  5 wolf spiders
  An ugly thing (D:7)
  A guardian serpent (Lair:6)
  7 black mambas
  Joseph (Lair:1)
  2 molten gargoyles (Volcano)
  2 torpor snails
  12 spiny frogs
  3 komodo dragons
  A demonic crawler (Spider:1)
  3 trolls
  9 polar bears
  2 jumping spiders (Spider:1)
  A merfolk (D:9)
  5 raiju (Lair:6)
  Prince Ribbit (D:5)
  2 two-headed ogres
  A slime creature (Lair:5)
  10 blink frogs
  Sigmund (D:5)
  6 redbacks
  A tarantella (Spider:1)
  2 basilisks
  27 yaks
  Eustachio (D:4)
  5 wyverns (Lair:6)
  10 hippogriffs
  2 hogs (Lair:5)
  13 wargs
  4 insubstantial wisps (Lair:2)
  15 water moccasins
  3 hell hounds (Lair:6)
  9 porcupines
  15 orc warriors
  3 phantoms
  14 black bears
  2 wasps (Lair:6)
  4 slaves
  A centaur (D:8)
  13 ogres
  20 wolves
  11 crocodiles
  Blork the orc (D:5)
  8 giant frogs
  5 scorpions
  3 killer bees (D:8)
  13 wights
  4 howler monkeys
  2 giant frog zombies
  4 lava snakes (Volcano)
  5 crimson imps
  6 jellies
  15 orc priests
  16 hounds
  2 centaur skeletons (D:9)
  35 orc wizards
  7 iguanas
  3 giant frog skeletons
  10 worker ants
  A killer bee zombie (D:9)
  13 sheep
  2 hound skeletons
  5 gnolls
  18 adders
  A howler monkey skeleton (D:7)
  23 river rats
  A shadow imp (D:5)
  An ooze (D:3)
  2 adder skeletons
  2 worms (D:3)
  11 dart slugs
  9 giant geckos
  78 orcs
  8 giant cockroaches
  9 goblins
  6 hobgoblins
  13 jackals
  10 kobolds
  6 quokkas
  A ball python (D:2)
  A ball python skeleton (D:6)
  13 bats
  4 giant newts
  A quokka skeleton (D:4)
  A quokka zombie (D:7)
  5 rats
  3 fungi
657 creatures vanquished.

Vanquished Creatures (others)
  Rupert (Lair:5)
  A komodo dragon (Lair:3)
  2 humans (Lair:5)
  A yak (Lair:5)
  A hippogriff (Lair:3)
  2 wargs (Orc:2)
  A water moccasin (Lair:5)
  2 centaurs
  2 iguanas
  An orc (D:5)
  A bush (Lair:6)
  21 fungi
  23 plants
59 creatures vanquished.

Grand Total: 716 creatures vanquished

Notes
Turn   | Place    | Note
-------+----------+-------------------------------------------
     0 | D:1      | Geppetto the Vine Stalker Fighter began the quest for the Orb.
     0 | D:1      | Reached XP level 1. HP: 11/11 MP: 2/2
    41 | D:1      | Reached XP level 2. HP: 16/16 MP: 3/3
   322 | D:1      | Reached XP level 3. HP: 20/20 MP: 4/4
   727 | D:2      | Found a snail-covered altar of Cheibriados.
   978 | D:2      | Found an ancient bone altar of Kikubaaqudgha.
  1044 | D:2      | Reached XP level 4. HP: 24/24 MP: 5/5
  1084 | D:2      | Found a hazy altar of Hepliaklqana.
  1511 | D:3      | Found a shadowy altar of Dithmenos.
  1516 | D:3      | Reached XP level 5. HP: 26/28 MP: 6/6
  2059 | D:3      | Gained mutation: You heal very quickly. [Vine Stalker growth]
  2059 | D:3      | Reached XP level 6. HP: 27/33 MP: 7/7
  2364 | D:4      | Reached skill level 5 in Long Blades
  2689 | D:4      | Noticed Eustachio
  2718 | D:4      | Killed Eustachio
  2718 | D:4      | Reached XP level 7. HP: 38/38 MP: 8/8
  3285 | D:5      | Entered Level 5 of the Dungeon
  3318 | D:5      | Noticed Pikel
  3377 | D:5      | Reached skill level 5 in Fighting
  3434 | D:5      | Noticed Blork the orc
  3439 | D:5      | Killed Blork the orc
  3469 | D:5      | Noticed Sigmund
  3480 | D:5      | Killed Sigmund
  3480 | D:5      | Gained mutation: You have razor-sharp teeth. [Vine Stalker growth]
  3480 | D:5      | Reached XP level 8. HP: 40/44 MP: 7/9
  3490 | D:5      | Found a white marble altar of Elyvilon.
  3528 | D:5      | Noticed Prince Ribbit
  3540 | D:5      | Killed Prince Ribbit
  4329 | D:5      | Found Mef Ippesh's Weapon Shop.
  4860 | D:6      | Reached XP level 9. HP: 49/49 MP: 10/10
  5251 | D:6      | Found a burning altar of Makhleb.
  5350 | D:6      | Found a radiant altar of Vehumet.
  5353 | D:6      | Found a burning altar of Makhleb.
  5356 | D:6      | Found a basalt altar of Yredelemnul.
  5404 | D:6      | Found a hide-covered altar of Uskayaw.
  5643 | D:7      | Got a warped scale mail
  5654 | D:7      | Identified the cursed +1 scale mail of the Five Demons {rF+ rN+ Slay-3} (You found it on level 7 of the Dungeon)
  5695 | D:7      | Noticed a purple ugly thing
  5707 | D:7      | Killed a purple ugly thing
  5707 | D:7      | Reached skill level 10 in Long Blades
  5758 | D:7      | Found a blossoming altar of Fedhas.
  5921 | D:7      | Found a staircase to the Ecumenical Temple.
  6046 | Temple   | Entered the Ecumenical Temple
  6061 | Temple   | Became a worshipper of Ru the Awakened
  6379 | D:7      | Identified a scroll of acquirement
  6460 | D:8      | Found a sparkling altar of Nemelex Xobeh.
  6570 | D:8      | Reached XP level 10. HP: 55/55 MP: 11/11
  6574 | D:8      | Found a shimmering altar of Xom.
  6966 | D:8      | Found Aryeve's Food Boutique.
  7188 | D:8      | Found an opulent altar of Gozag.
  7189 | D:8      | Noticed crawlian's ghost (novice DEFE)
  7197 | D:8      | Killed crawlian's ghost
  7531 | D:9      | Gained mutation: You cannot study or cast Earth magic. [Ru sacrifice]
  7531 | D:9      | Gained mutation: You cannot study or cast Hexes magic. [Ru sacrifice]
  7531 | D:9      | Gained mutation: You cannot study or cast Summoning magic. [Ru sacrifice]
  7531 | D:9      | Reached * piety under Ru
  7725 | D:9      | Found a staircase to the Lair.
  8258 | D:9      | Noticed a six-headed hydra
  8712 | D:9      | Reached skill level 1 in Maces & Flails
  8867 | D:9      | Reached skill level 2 in Maces & Flails
  9052 | D:9      | Killed a seven-headed hydra
  9052 | D:9      | Reached skill level 3 in Maces & Flails
  9052 | D:9      | Reached XP level 11. HP: 12/62 MP: 3/12
  9191 | Lair:1   | Entered Level 1 of the Lair of Beasts
  9234 | Lair:1   | Reached skill level 4 in Maces & Flails
  9580 | Lair:1   | Reached skill level 5 in Maces & Flails
  9581 | Lair:1   | Gained mutation: You cannot be stealthy. [Ru sacrifice]
  9581 | Lair:1   | Reached ** piety under Ru
  9843 | Lair:1   | Noticed Joseph
  9856 | Lair:1   | Killed Joseph
 10009 | Lair:2   | Reached skill level 6 in Maces & Flails
 10368 | Lair:2   | Found a staircase to the Swamp.
 10368 | Lair:2   | Noticed Sonja
 10406 | Lair:2   | Reached skill level 10 in Fighting
 10446 | Lair:2   | Reached skill level 7 in Maces & Flails
 10638 | Lair:2   | Killed Sonja
 10854 | Lair:2   | Gained mutation: You regenerate. [Vine Stalker growth]
 10854 | Lair:2   | Reached XP level 12. HP: 41/67 MP: 8/13
 11101 | Lair:3   | Reached skill level 8 in Maces & Flails
 11283 | Lair:3   | Found a hole to the Spider Nest.
 11539 | Lair:3   | Found a dark tunnel.
 11547 | Volcano  | Entered a volcano
 11552 | Volcano  | Noticed crawlian's ghost (journeyman DEFE)
 11558 | Volcano  | Gained mutation: You cannot train Armour skill. [Ru sacrifice]
 11558 | Volcano  | Reached *** piety under Ru
 11563 | Volcano  | Killed crawlian's ghost
 11765 | Volcano  | Found a burning altar of Makhleb.
 11765 | Volcano  | Noticed Urug
 11781 | Volcano  | Killed Urug
 11781 | Volcano  | Reached skill level 9 in Maces & Flails
 12120 | Lair:3   | Got a faintly glowing scale mail
 12131 | Lair:3   | Identified the +3 scale mail of the Harp {rPois rC+ rN+} (You found it on level 3 of the Lair of Beasts)
 12887 | Lair:5   | Reached skill level 10 in Maces & Flails
 12899 | Lair:5   | Noticed Kirke
 12920 | Lair:5   | Killed Kirke
 13012 | Lair:5   | Noticed Rupert
 13031 | Lair:5   | Killed Rupert
 13031 | Lair:5   | Reached skill level 11 in Maces & Flails
 13031 | Lair:5   | Reached XP level 13. HP: 31/74 MP: 10/14
 13321 | Lair:5   | Found a staircase to the Slime Pits.
 13353 | Lair:5   | Gained mutation: You are missing an eye, making it more difficult to aim. [Ru sacrifice]
 13353 | Lair:5   | Reached **** piety under Ru
 13632 | Lair:6   | Entered Level 6 of the Lair of Beasts
 13632 | Lair:6   | Found a shadowy altar of Dithmenos.
 14236 | Lair:6   | Reached skill level 12 in Maces & Flails
 15514 | Lair:6   | Gained mutation: You cannot drink potions while threatened. [Ru sacrifice]
 15514 | Lair:6   | Reached ***** piety under Ru
 15597 | Lair:6   | Reached skill level 13 in Maces & Flails
 15771 | Lair:6   | Reached XP level 14. HP: 23/81 MP: 5/15
 16251 | Lair:6   | Upgraded the game from 0.19-a0-1155-gb6eeeff to 0.19-a0-1170-g18f0c96
 16397 | D:10     | Entered Level 10 of the Dungeon
 16788 | D:10     | Got a faintly humming ring mail
 16799 | D:10     | Identified the +4 ring mail "Baehepp" {rC- Regen+ Str+4 Int+4} (You found it on level 10 of the Dungeon)
 16826 | D:10     | Found a staircase to the Orcish Mines.
 16842 | D:10     | Got a translucent golden ring
 16844 | D:10     | Identified the ring of the Good {AC+6 Int+5 Dex-2} (You found it on level 10 of the Dungeon)
 16854 | Orc:1    | Entered Level 1 of the Orcish Mines
 16858 | Orc:1    | Noticed Nattefrost's ghost (journeyman HaFi)
 16885 | D:10     | Gained mutation: You occasionally shout uncontrollably at your foes. [Ru sacrifice]
 17346 | Orc:1    | Killed Nattefrost's ghost
 17545 | Orc:1    | Found a roughly hewn altar of Beogh.
 17788 | Orc:2    | Entered Level 2 of the Orcish Mines
 17848 | Orc:1    | Reached skill level 14 in Maces & Flails
 18215 | Orc:2    | Found Qeym Daro's Antique Weapon Boutique.
 18215 | Orc:2    | Found Biabagap's Food Emporium.
 18293 | Orc:2    | Gained mutation: You are weak. (Str -2) [Ru sacrifice]
 18293 | Orc:2    | Reached ****** piety under Ru
 18689 | Orc:2    | Found a staircase to the Elven Halls.
 18829 | Orc:2    | Found Tyth's Armour Boutique.
 18829 | Orc:2    | Found Xeinim's Gadget Emporium.
 18933 | Orc:2    | Found a roughly hewn altar of Beogh.
 19216 | Spider:1 | Entered Level 1 of the Spider Nest
 19246 | Spider:1 | Noticed Aizul
 19349 | Spider:1 | HP: 4/82 [something (9)]
 19350 | Spider:1 | Noticed a ghost moth
 19351 | Spider:1 | Mangled by a ghost moth

Vault maps used:
D:1:      lemuel_arrival_rhombus, minmay_tetromino_l2
D:2:      kiku_gazebo_garden_becter, lemuel_doored_altar,
          minmay_misc_feat_hallway, kennysheep_slug_shrine
D:3:      kennysheep_slugbush, nicolae_dithmenos_through_a_glass_darkly
D:4:      first_bread, uniq_eustachio
D:5:      elyvilon_altar_1, serial_shops, kennysheep_mini_moat,
          uniq_prince_ribbit1, uniq_pikel, uniq_blork_the_orc, uniq_sigmund
D:6:      black_bear_nest_2, grunt_temple_overflow_diamond,
          eat_drink_and_be_merry_uskayaw, bloody_makhleb
D:7:      fedhas_altar_3
D:8:      old_forge, xom_teletrap_fun, nicolae_gozag_seed_capital,
          nemelex_altar_shiori, serial_shops, shop, serial_corexii_hall,
          corexii_hall_statues_i, corexii_hall_statues_i
D:9:      lair_0_dummy, hangedman_fish_farm
D:10:     lemuel_ogre_cave, nicolae_water_bricks
Temple:   compressed_dpeg_triangle_lava_temple
Lair:1:   grunt_megastairs_2, uniq_joseph
Lair:2:   minmay_swamp_entry_wisps, grunt_megastairs_3, uniq_sonja
Lair:3:   spider_nest_entry_web_field, enter_volcano_1, lemuel_fruit_fields
Lair:5:   minmay_slime_entry_pillars, uniq_kirke, uniq_rupert
Lair:6:   hangedman_lair_caniforms_friends, hangedman_lair_tendril_chambers,
          basic_altar, infiniplex_staircase_pool
Spider:1: spider_trap, worms_lemuel, uniq_aizul
Orc:1:    minmay_orc_temple_b
Orc:2:    st_orc_town
Volcano:  volcano_lake

Skill      XL: |  1  2  3  4  5  6  7  8  9 10 11 12 13 14 |
---------------+-------------------------------------------+-----
Long Blades    | 2 3 4 5 7 8 10 11 | 11.8
Fighting       | 3 4 5 6 7 9 10 11 12 13 | 13.3
Maces & Flails | 3 7 11 13 14 | 14.7
Armour         | 0 |  0.0
Shields        | |  2.6

Action                   |  1- 3 |  4- 6 |  7- 9 | 10-12 | 13-15 || total
-------------------------+-------+-------+-------+-------+-------++-------
Melee: Long sword        |   118 |   195 |   287 |   606 |       ||  1206
       Bite              |    20 |    64 |   119 |   318 |   445 ||   966
       Unarmed           |       |       |     1 |     1 |       ||     2
       Eveningstar       |       |       |       |   132 |  1022 ||  1154
Invok: Sacrifice Arcana  |       |       |       |     1 |       ||     1
       Sacrifice Stealth |       |       |       |     1 |       ||     1
       Sacrifice Durabil |       |       |       |     1 |       ||     1
       Power Leap        |       |       |       |       |    12 ||    12
       Sacrifice Drink   |       |       |       |       |     1 ||     1
       Sacrifice an Eye  |       |       |       |       |     1 ||     1
       Draw Out Power    |       |       |       |       |     2 ||     2
       Apocalypse        |       |       |       |       |     2 ||     2
       Sacrifice Purity  |       |       |       |       |     2 ||     2
Evoke: Wand              |       |     2 |     5 |    15 |    10 ||    32
  Use: Scroll            |     3 |     8 |     6 |    16 |     9 ||    42
       Potion            |       |       |       |       |     1 ||     1
 Stab: Held in net/web   |       |       |       |     1 |       ||     1
       Invisible         |       |       |       |     4 |     8 ||    12
       Distracted        |       |       |       |     2 |    15 ||    17
       Paralysed         |       |       |       |       |     5 ||     5
  Eat: Chunk             |       |     6 |    12 |    17 |    22 ||    57
       Bread ration      |       |       |       |     1 |       ||     1
       Fruit             |       |       |       |     1 |       ||     1
Armor: Scale mail        |    39 |    59 |    45 |   170 |   305 ||   618
       Skin              |       |       |     1 |     1 |       ||     2
       Ring mail         |       |       |       |       |    67 ||    67
Dodge: Dodged            |    32 |    43 |    50 |   147 |   203 ||   475
Block: Shield            |    65 |    82 |   181 |   496 |   765 ||  1589
       Reflection        |       |       |     9 |     7 |     2 ||    18
       Other             |       |       |       |     1 |       ||     1
